 Dungeon Sprint DCSS version 0.19-a0-957-gf4ea323 (webtiles) character file.

36442 zero the Impaler (level 13, -2/211 HPs)
             Began as a Minotaur Berserker on July 10, 2016.
             Was the Champion of Trog.
             Slain by a spark wasp (14 damage)
             ... in the Dungeon (Sprint IX: "|||||||||||||||||||||||||||||").
             The game lasted 00:09:26 (3731 turns).

zero the Impaler (Minotaur Berserker)               Turns: 3731, Time: 00:09:27

Health: -2/211     AC: 29    Str: 37    XL:     13   Next: 53%
Magic:  12/12      EV: 17    Int:  7    God:    Trog [******]
Gold:   1134       SH:  0    Dex: 10    Spells: 0 memorised, 12 levels left

rFire  . . .     SeeInvis .     o - +13 scythe of Curses {drain, *Curse} (curse)
rCold  + . .     Gourm    .     q - +1 plate armour (curse)
rNeg   . . .     Faith    .     (shield currently unavailable)
rPois  .         Spirit   .     (helmet restricted)
rElec  .         Dismiss  .     z - +1 cloak (curse)
rCorr  .         Reflect  .     p - +0 pair of gloves (curse)
SustAt .         Harm     .     y - +2 pair of boots of Circular Logic {rC+ Str+2} (curse)
MR     ++...     NoTele   +     (no amulet)
Stlth  ..........               s - +3 ring of intelligence (curse)
                                r - +3 ring of strength (curse)

@: berserking, regenerating, very quick, very resistant to hostile enchantments,
extremely unstealthy
A: retaliatory headbutt, horns 2
a: Berserk, Trog's Hand, Brothers in Arms, Burn Spellbooks, Renounce Religion


You were in the Dungeon.
You worshipped Trog.
Trog was exalted by your worship.
You were hungry.

You visited 1 branch You collected 1916 gold pieces.
You spent 782 gold pieces at shops.

Inventory:

Hand Weapons
 o - the cursed +13 scythe of Curses (weapon) {drain, *Curse}
   (You found it in the Dungeon)

   A truly terrible weapon, it drains the life of those it strikes.
   It may re-curse itself when equipped.
   It has a curse placed upon it.
 v - a cursed +5 antimagic bardiche
Armour
 p - a cursed +0 pair of gloves (worn)
 q - a cursed +1 plate armour (worn)
 y - the cursed +2 pair of boots of Circular Logic (worn) {rC+ Str+2}
   (You bought it in a shop in the Dungeon)

   It affects your strength (+2).
   It protects you from cold.
   It has a curse placed upon it.
 z - a cursed +1 cloak (worn)
 C - a cursed +1 large shield
Jewellery
 n - a cursed ring of protection from cold
 r - a cursed +3 ring of strength (left hand)
 s - a cursed +3 ring of intelligence (right hand)
 A - a cursed ring of protection from fire
 B - a cursed ring of protection from magic
Wands
 m - a wand of iceblast (7/15)
Scrolls
 b - 2 scrolls of recharging
 i - 3 scrolls of blinking
 l - 5 scrolls of remove curse
 t - a scroll of fear
 u - 2 scrolls of identify
 D - 3 scrolls of fog
Potions
 a - a potion of agility
 d - 6 potions of curing
 e - 9 potions of heal wounds
 f - a potion of haste
 g - 4 potions of magic
 h - 2 potions of berserk rage
 k - a potion of invisibility
Comestibles
 c - 13 bread rations
 j - 18 chunks of flesh
 w - 40 fruits
 x - 10 meat rations


   Skills:
 + Level 20.7 Fighting
 + Level 20.7 Polearms
 + Level 20.6 Armour
 + Level 19.2 Dodging


You had 12 spell levels left.
You didn't know any spells.

Dungeon Overview and Level Annotations

Branches:
Dungeon (1/1)

Altars:
Cheibriados
Dithmenos
Elyvilon
Fedhas
Gozag
Hepliaklqana
Kikubaaqudgha
Makhleb
Nemelex Xobeh
Okawaru
Pakellas
Qazlal
Ru
Sif Muna
Trog
Uskayaw
Vehumet
Xom
Yredelemnul
Zin
The Shining One
Beogh
Jiyva
Lugonu

Shops:
D %[*?


Innate Abilities, Weirdness & Mutations

You reflexively headbutt those who attack you in melee.
You have a pair of horns on your head.


Message History

* * * LOW HITPOINT WARNING * * *
You miss the spriggan berserker.
The spriggan berserker is almost dead.
The spriggan berserker misses you. You furiously retaliate!
You headbutt the spriggan berserker!
You feel the power of Trog in you as your rage grows.
You kill the spriggan berserker!
Trog accepts your kill. The spark wasp stings you.
* * * LOW HITPOINT WARNING * * *
The spark wasp shocks you!
* * * LOW HITPOINT WARNING * * *
Items here: ) [[ †† a broad axe; an animal skin; a robe; a spriggan corpse; a fire dragon corpse You barely miss the spark wasp.
You headbutt the spark wasp!
The spark wasp is moderately wounded.
The spark wasp stings you!
* * * LOW HITPOINT WARNING * * *
The spark wasp shocks you!
You die...

.▓.▓)▓.▓)▓.▓)▓.▓)▓
.▓.▓)▓.▓)▓.▓)▓.▓.▓
)▓.▓.▓.▓)▓.▓)▓.▓.▓
†▓.▓(▓.▓)▓.▓)▓.▓.▓
.▓.▓.▓.▓.▓.▓.▓.▓.▓
.▓.▓.▓.▓.▓.▓.▓.▓(▓
.▓.▓.▓.▓[▓.♣†♣.▓.▓
.▓.▓.▓.▓[▓.♣.♣.▓)▓
.▓.▓(▓.▓[▓.♣.♣.▓@▓
.▓.▓)▓.▓[▓.♣.♣.▓y▓
.▓.▓(▓.▓[▓.♣.♣.▓C▓
.▓.▓)▓.▓[▓.♣.♣.▓c▓
'▓.▓)▓.▓[▓.♣.♣.▓O▓
.▓.▓)▓.▓.▓.♣.♣.▓.▓
.▓.▓)▓.▓.▓.♣.♣.▓.▓
)▓.▓.▓.▓.▓.♣)♣.▓.▓
÷▓.▓.▓.▓.▓.▓'▓.▓


You could see a frost giant, a spark wasp, a centaur warrior and an ogre mage.

Vanquished Creatures
  A fire giant (D)
  A frost giant (D)
  3 stone giants (D)
  A fire dragon (D)
  A merfolk impaler (D)
  2 ogre magi (D)
  A naga warrior (D)
  A rakshasa (D)
  A hydra (D)
  A ghost crab (D)
  A merfolk avatar (D)
  Erica (D)
  2 centaur warriors (D)
  An alligator (D)
  A vampire mage (D)
  A tengu warrior (D)
  2 deep troll earth magi (D)
  A naga sharpshooter (D)
  A spriggan berserker (D)
  A hell knight (D)
  2 sea snakes (D)
  A flayed ghost (D)
  An unseen horror (D)
  A naga ritualist (D)
  A swamp dragon (D)
  A deep elf mage (D)
  A necromancer (D)
  9 orc sorcerers (D)
  An orc knight (D)
  An orb spider (D)
  An ugly thing (D)
  2 hornets (D)
  2 guardian serpents (D)
  3 naga magi (D)
  Psyche (D)
  A spiny frog (D)
  2 komodo dragons (D)
  2 yaktaurs (D)
  A troll (D)
  3 merfolk (D)
  A jumping spider (D)
  A two-headed ogre (D)
  A snapping turtle (D)
  A blink frog (D)
  2 polar bears (D)
  2 yaks (D)
  A tarantella (D)
  A basilisk (D)
  A hippogriff (D)
  An insubstantial wisp (D)
  A porcupine (D)
  A water moccasin (D)
  2 black bears (D)
  9 orc warriors (D)
  A swamp drake (D)
  A wasp (D)
  A centaur (D)
  2 crocodiles (D)
  5 giant frogs (D)
  A scorpion (D)
  A jelly (D)
  3 orc priests (D)
  An iguana (D)
  8 orc wizards (D)
  A worker ant (D)
  An adder (D)
  A river rat (D)
  A shadow imp (D)
  An adder skeleton (D)
  A dart slug (D)
  11 orcs (D)
  A hobgoblin (D)
  A ball python zombie (D)
  A giant cockroach simulacrum (D)
  A giant gecko zombie (D)
  2 kobolds (D)
  A rat (D)
135 creatures vanquished.

Vanquished Creatures (collateral kills)
  A centaur warrior (D)
  An ugly thing (D)
  A cyclops (D)
  A rime drake (D)
  2 demonic crawlers (D)
  3 polar bears (D)
  A jumping spider (D)
  A redback (D)
  An orc warrior (D)
  A black bear (D)
  An eye of draining (D)
  A ball python skeleton (D)
15 creatures vanquished.

Vanquished Creatures (others)
  A naga warrior (D)
  A spiny frog (D)
  A wasp (D)
3 creatures vanquished.

Grand Total: 153 creatures vanquished

Notes
Turn   | Place    | Note
-------+----------+-------------------------------------------
     0 | D        | zero the Minotaur Berserker began the quest for the Orb.
     0 | D        | Reached XP level 1. HP: 19/19 MP: 0/0
    14 | D        | Reached ** piety under Trog
   173 | D        | Noticed a scorpion
   177 | D        | Reached *** piety under Trog
   177 | D        | Reached XP level 2. HP: 27/27 MP: 1/1
   183 | D        | Killed a scorpion
   183 | D        | Reached skill level 5 in Fighting
   183 | D        | Reached skill level 5 in Polearms
   183 | D        | Reached XP level 3. HP: 32/36 MP: 2/2
   186 | D        | Reached skill level 5 in Armour
   223 | D        | Found a glowing silver altar of Zin.
   223 | D        | Found a glowing golden altar of the Shining One.
   223 | D        | Found an ancient bone altar of Kikubaaqudgha.
   223 | D        | Found a basalt altar of Yredelemnul.
   223 | D        | Found a shimmering altar of Xom.
   223 | D        | Found a radiant altar of Vehumet.
   224 | D        | Found an iron altar of Okawaru.
   225 | D        | Found a burning altar of Makhleb.
   226 | D        | Found a deep blue altar of Sif Muna.
   227 | D        | Found a bloodstained altar of Trog.
   228 | D        | Found a sparkling altar of Nemelex Xobeh.
   229 | D        | Found a white marble altar of Elyvilon.
   230 | D        | Found a roughly hewn altar of Beogh.
   231 | D        | Found a viscous altar of Jiyva.
   232 | D        | Found a corrupted altar of Lugonu.
   233 | D        | Found a blossoming altar of Fedhas.
   234 | D        | Found a snail-covered altar of Cheibriados.
   235 | D        | Found a shadowy altar of Dithmenos.
   236 | D        | Found a stormy altar of Qazlal.
   237 | D        | Found an opulent altar of Gozag.
   238 | D        | Found a sacrificial altar of Ru.
   239 | D        | Found an oddly glowing altar of Pakellas.
   240 | D        | Found a hide-covered altar of Uskayaw.
   241 | D        | Found a hazy altar of Hepliaklqana.
   349 | D        | Noticed a hippogriff
   349 | D        | Noticed an orc warrior
   349 | D        | Noticed a centaur
   351 | D        | Killed a hippogriff
   351 | D        | Reached **** piety under Trog
   351 | D        | Reached XP level 4. HP: 39/48 MP: 3/3
   351 | D        | Reached XP level 5. HP: 44/53 MP: 4/4
   357 | D        | Killed an orc warrior
   357 | D        | Reached XP level 6. HP: 28/62 MP: 5/5
   364 | D        | Reached ***** piety under Trog
   462 | D        | Noticed a two-headed ogre
   462 | D        | Noticed a troll
   462 | D        | Noticed a centaur warrior
   464 | D        | Killed a two-headed ogre
   464 | D        | Reached skill level 10 in Fighting
   464 | D        | Reached skill level 10 in Polearms
   464 | D        | Reached XP level 7. HP: 58/72 MP: 0/6
   468 | D        | Killed an unseen horror
   468 | D        | Reached skill level 10 in Armour
   468 | D        | Reached XP level 8. HP: 68/82 MP: 0/7
   470 | D        | Killed a centaur warrior
   470 | D        | Reached skill level 10 in Dodging
   470 | D        | Killed a troll
   470 | D        | Received a gift from Trog
   654 | D        | Noticed a blink frog
   654 | D        | Noticed a komodo dragon
   657 | D        | Killed a komodo dragon
   664 | D        | Killed a blink frog
   664 | D        | Reached XP level 9. HP: 76/91 MP: 8/8
   670 | D        | Received a gift from Trog
   670 | D        | Reached ****** piety under Trog
   687 | D        | Noticed a spiny frog
   687 | D        | Noticed a komodo dragon
   689 | D        | Killed a spiny frog
   692 | D        | Received a gift from Trog
   694 | D        | Killed a komodo dragon
   708 | D        | Noticed a rime drake
   714 | D        | Killed a rime drake
   714 | D        | Received a gift from Trog
   939 | D        | Noticed a polar bear
   939 | D        | Noticed a polar bear
   939 | D        | Noticed a polar bear
   939 | D        | Noticed a polar bear
   940 | D        | Reached XP level 10. HP: 103/103 MP: 9/9
   955 | D        | Received a gift from Trog
  1048 | D        | Noticed Psyche
  1053 | D        | Killed Psyche
  1080 | D        | Noticed Erica
  1087 | D        | Killed Erica
  1087 | D        | Reached skill level 15 in Polearms
  1123 | D        | Received a gift from Trog
  1125 | D        | Reached skill level 15 in Fighting
  1129 | D        | Received a gift from Trog
  1181 | D        | Received a gift from Trog
  1205 | D        | Noticed an orc sorcerer
  1215 | D        | Killed an orc sorcerer
  1215 | D        | Reached skill level 15 in Armour
  1216 | D        | Received a gift from Trog
  1222 | D        | Noticed an orc knight
  1242 | D        | Killed an orc knight
  1249 | D        | Received a gift from Trog
  1632 | D        | Found Uhymuss's Food Emporium.
  1632 | D        | Noticed an orc sorcerer
  1632 | D        | Noticed an orc sorcerer
  1632 | D        | Noticed an orc sorcerer
  1633 | D        | Noticed a rust devil
  1636 | D        | Killed an orc sorcerer
  1636 | D        | Reached XP level 11. HP: 114/114 MP: 10/10
  1637 | D        | Killed an orc sorcerer
  1646 | D        | Killed an orc sorcerer
  1648 | D        | Received a gift from Trog
  1653 | D        | Found Litawn's Armour Shoppe.
  1656 | D        | Found Kanun's Assorted Antiques.
  1657 | D        | Noticed an orc sorcerer
  1658 | D        | Found Tuathoa's Magic Scroll Shoppe.
  1658 | D        | Noticed an orc sorcerer
  1660 | D        | Killed an orc sorcerer
  1660 | D        | Received a gift from Trog
  1662 | D        | Noticed an orc sorcerer
  1666 | D        | Killed an orc sorcerer
  1667 | D        | Noticed an orc sorcerer
  1669 | D        | Noticed an orc sorcerer
  1669 | D        | Killed an orc sorcerer
  1669 | D        | Received a gift from Trog
  1669 | D        | Reached skill level 15 in Dodging
  1673 | D        | Paralysed by an orc sorcerer for 2 turns
  1676 | D        | Killed an orc sorcerer
  1684 | D        | Killed an orc sorcerer
  1684 | D        | Received a gift from Trog
  1684 | D        | HP: 4/116 [something (2)]
  2068 | D        | Bought a scroll of remove curse for 60 gold pieces
  2068 | D        | Bought a scroll labeled JEDUIMETZU for 20 gold pieces
  2072 | D        | Bought the +2 pair of boots of Circular Logic {rC+ Str+2} for 425 gold pieces
  2072 | D        | Bought a +0 cloak for 58 gold pieces
  2121 | D        | Bought a scroll of enchant weapon for 82 gold pieces
  2121 | D        | Bought a scroll of remove curse for 33 gold pieces
  2121 | D        | Bought a scroll of recharging for 104 gold pieces
  2258 | D        | Noticed a deep elf mage
  2258 | D        | Noticed a brown ugly thing
  2258 | D        | Noticed a green ugly thing
  2268 | D        | Killed a deep elf mage
  2271 | D        | Killed a brown ugly thing
  2275 | D        | Killed a green ugly thing
  2278 | D        | Noticed a tengu warrior
  2281 | D        | Noticed a stone giant
  2293 | D        | Killed a stone giant
  2297 | D        | Killed a tengu warrior
  2298 | D        | Received a gift from Trog
  2436 | D        | Noticed a centaur warrior
  2437 | D        | Noticed a stone giant
  2438 | D        | Noticed a hell knight
  2439 | D        | Noticed a deep troll earth mage
  2444 | D        | Killed a stone giant
  2444 | D        | Received a gift from Trog
  2448 | D        | Killed a centaur warrior
  2448 | D        | Reached XP level 12. HP: 106/127 MP: 11/11
  2456 | D        | Killed a deep troll earth mage
  2618 | D        | Noticed a merfolk avatar
  2618 | D        | Noticed a merfolk impaler
  2624 | D        | Killed a merfolk avatar
  2625 | D        | Received a gift from Trog
  2634 | D        | Killed a merfolk impaler
  2646 | D        | Received a gift from Trog
  2797 | D        | Noticed a ghost crab
  2797 | D        | Noticed an eight-headed hydra
  2803 | D        | Noticed an alligator
  2806 | D        | Killed a ghost crab
  2806 | D        | Killed an eight-headed hydra
  2818 | D        | Killed an alligator
  2818 | D        | Received a gift from Trog
  2968 | D        | Received a gift from Trog
  3125 | D        | Noticed a naga warrior
  3126 | D        | Noticed a naga warrior
  3128 | D        | Killed a naga warrior
  3141 | D        | Received a gift from Trog
  3146 | D        | Reached XP level 13. HP: 71/138 MP: 12/12
  3154 | D        | Received a gift from Trog
  3519 | D        | Noticed a stone giant
  3529 | D        | Killed a stone giant
  3534 | D        | Noticed a fire giant
  3538 | D        | Received a gift from Trog
  3541 | D        | Received a gift from Trog
  3553 | D        | Killed a fire giant
  3704 | D        | Noticed a frost giant
  3706 | D        | Noticed a fire dragon
  3707 | D        | Noticed a spark wasp
  3709 | D        | Noticed a frost giant
  3714 | D        | Killed a frost giant
  3714 | D        | Received a gift from Trog
  3719 | D        | Received a gift from Trog
  3725 | D        | Killed a fire dragon
  3731 | D        | Slain by a spark wasp

Vault maps used:
D:        linesprint

Skill      XL: |  1  2  3  4  5  6  7  8  9 10 11 12 13 |
---------------+----------------------------------------+-----
Polearms       | 4 5 7 8 10 11 12 14 15 17 19 20 | 20.7
Fighting       | 4 5 7 8 10 11 12 14 15 17 19 20 | 20.7
Armour         | 3 4 7 8 9 10 12 13 15 17 19 20 | 20.6
Dodging        | 3 4 6 7 9 11 12 14 16 18 19 | 19.2

Action                   |  1- 3 |  4- 6 |  7- 9 | 10-12 | 13-15 || total
-------------------------+-------+-------+-------+-------+-------++-------
Melee: Spear             |    27 |       |       |       |       ||    27
       Headbutt          |     3 |     2 |     4 |    30 |    10 ||    49
       Scythe            |     2 |    14 |    44 |   226 |    60 ||   346
Invok: Berserk           |     1 |       |       |     3 |     1 ||     5
       Trog's Hand       |       |     1 |       |     3 |     2 ||     6
  Use: Scroll            |       |       |       |     2 |     4 ||     6
       Potion            |       |       |       |     4 |     1 ||     5
 Stab: Distracted        |       |       |       |       |     1 ||     1
  Eat: Chunk             |       |       |     1 |     5 |       ||     6
       Meat ration       |       |       |       |     2 |       ||     2
Armor: Plate armour      |     3 |     5 |    26 |   120 |    24 ||   178
Dodge: Dodged            |     5 |    10 |    23 |   115 |    25 ||   178
